 Dungeon Crawl Stone Soup version 0.32-a0-656-g3542139ebd (webtiles) character file.

Game seed: 14800077829883413750

328 ragingrage the Slicer (level 6, -6/47 HPs)
             Began as a Merfolk Delver on Mar 9, 2024.
             Was an Initiate of Hepliaklqana.
             Splashed by a jelly's acid (9 damage)
             ... on level 4 of the Dungeon.
             The game lasted 00:05:16 (1350 turns).

ragingrage the Slicer (Merfolk Delver)              Turns: 1350, Time: 00:05:16

Health: -6/47      AC: -9    Str: 11 (12) XL:     6   Next: 50%
Magic:  6/6        EV: 12    Int: 10      God:    Hepliaklqana [......]
Gold:   23         SH:  0    Dex: 16 (17) Spells: 5/5 levels left

rFire   . . .        a - +0 short sword
rCold   . . .        (no shield)
rNeg    . . .        b - +0 leather armour
rPois   .            (no helmet)
rElec   .            (no cloak)
rCorr   .            (no gloves)
SInv    .            (no boots)
Will    .....        (no amulet)
Stlth   +++          (no ring)
HPRegen 0.27/turn    (no ring)
MPRegen 0.10/turn

%: no passive effects
@: corroded
A: (nimble swimmer 2), mertail
a: Renounce Religion


You were on level 4 of the Dungeon.
You worshipped Hepliaklqana.
Hepliaklqana was noncommittal.
You visited 1 branch of the dungeon, and saw 2 of its levels.

You collected 23 gold pieces.

Inventory:

Hand Weapons
 a - a +0 short sword (weapon)
 k - a +0 trident
Armour
 b - a +0 leather armour (worn)
 f - a +0 pair of boots
Talismans
 i - a flux talisman
Wands
 g - a wand of digging (3)
Scrolls
 c - a scroll of fog
 e - a scroll of fear
 h - a scroll of noise


   Skills:
 - Level 3.2 Fighting
 + Level 8.1 Short Blades
 - Level 2.6 Dodging
 - Level 5.4 Stealth


You had 5 spell levels left.
You didn't know any spells.
Your spell library was empty.

Dungeon Overview and Level Annotations

Branches:
Dungeon (5/15)
 Temple: D:4-7

Altars:
Hepliaklqana

Annotations:
D:5 exclusions: hound and ogre


Innate Abilities, Weirdness & Mutations

((You are very nimble when in or above water. (Stealth+, EV+, Speed+++)))
Your lower body shifts to a powerful aquatic tail in water.


Message History

An iguana is nearby!
A jelly comes into view.
An adder comes into view.
The jelly quivers.
The helpless adder fails to defend itself.
You impale the adder!!
You kill the adder!
k - a +0 trident (weapon)
Reach: k) +0 trident
Press: ? - help, Dir - move target, f - jelly
Aim: a jelly (about 11% to evade your +0 trident)
You reach to attack!
You hit the jelly.
a - a +0 short sword (weapon)
The jelly hits you but does no damage.
You hit the jelly.
Your hands burn!
You hit the jelly but do no damage.
Your hands burn!
The jelly misses you.
You completely miss the jelly. You hit the jelly. The acid corrodes you!
Your hands burn!
The jelly hits you.
You are splashed with acid!
You hit the jelly but do no damage.
Your hands burn!
The jelly misses you.
You hit the jelly.
Your hands burn!
You hit the jelly but do no damage.
Your hands burn!
The jelly hits you. The acid corrodes you!
You are splashed with acid!
* * * LOW HITPOINT WARNING * * *
You barely miss the jelly. You hit the jelly but do no damage.
The acid corrodes you!
Your hands burn!
* * * LOW HITPOINT WARNING * * *
The jelly barely misses you.
You hit the jelly but do no damage.
Your hands burn!
* * * LOW HITPOINT WARNING * * *
The jelly misses you.
You hit the jelly but do no damage.
Your hands burn!
* * * LOW HITPOINT WARNING * * *
You hit the jelly.
Your hands burn!
* * * LOW HITPOINT WARNING * * *
The jelly hits you.
* * * LOW HITPOINT WARNING * * *
You are splashed with acid!
You die...
Hepliaklqana delivers you to your ancestors.

### ##.## #...##
#....# #.@.#####
#†J.....# #.......#
##.....### ...
#.......# ....
#.......###...#
...#.)..........##
.................###
###................##


You could see a jelly.

Vanquished Creatures
  Eustachio (D:4)
  A scorpion (D:4)
  A bombardier beetle (D:4)
  A jelly (D:4)
  A hound (D:5)
  An iguana (D:5)
  An adder (D:4)
  A shadow imp (D:5)
8 creatures vanquished.

Notes
Turn   | Place    | Note
-------+----------+-------------------------------------------
     0 | D:5      | ragingrage the Merfolk Delver began the quest for the Orb.
     0 | D:5      | Reached XP level 1. HP: 18/18 MP: 1/1
    13 | D:5      | Found a hazy altar of Hepliaklqana.
    22 | D:5      | Became a worshipper of Hepliaklqana the Forgotten
    90 | D:5      | Noticed an ogre
   132 | D:5      | Noticed a hound
   153 | D:5      | Noticed a hound
   176 | D:5      | Noticed an iguana
   225 | D:5      | Killed a hound
   226 | D:5      | Reached skill level 4 in Short Blades
   226 | D:5      | Reached XP level 2. HP: 12/24 MP: 2/2
   226 | D:5      | Reached XP level 3. HP: 15/29 MP: 3/3
   755 | D:5      | Reached skill level 5 in Short Blades
   755 | D:5      | Reached XP level 4. HP: 26/35 MP: 4/4
   841 | D:5      | Identified the +3 chain mail of the Modern Defenders {rN+
                  | Will+ Slay+5}
   998 | D:4      | Reached skill level 6 in Short Blades
   998 | D:4      | Reached XP level 5. HP: 40/41 MP: 5/5
  1027 | D:4      | Noticed Eustachio
  1058 | D:4      | Killed Eustachio
  1059 | D:4      | Reached skill level 8 in Short Blades
  1059 | D:4      | Reached XP level 6. HP: 4/47 MP: 6/6
  1350 | D:4      | Splashed by a jelly's acid

Illustrated notes

Levels and vault maps discovered:
D:4:      layout_cave_pools, minmay_temple_entry_ruins, palyth_stone_intersect,
          saegor_snake_ambush, uniq_eustachio, uniq_menkaure
D:5:      minmay_general_purpose_star, layout_loops_ring,
          mainiacjoe_overflow_alcove_2, nicolae_eternal_life, fountainhead,
          roderic_batcave

Skill      XL: |  1  2  3  4  5 |
---------------+----------------+-----
Short Blades   | 4 5 6 8 |  8.1
Fighting       | |  3.2
Dodging        | |  2.6
Stealth        | |  5.4

Action                     |  1- 3 |  4- 6 || total
---------------------------+-------+-------++-------
  Melee: Trident           |    20 |    23 ||    43
         Short sword       |    27 |    33 ||    60
         Tailslap          |     7 |       ||     7
    Use: Potion            |     2 |     2 ||     4
         Scroll            |     2 |     1 ||     3
   Stab: Sleeping          |       |     4 ||     4
         Invisible         |       |     1 ||     1
 Armour: Leather armour    |    20 |    11 ||    31
  Dodge: Dodged            |    25 |    17 ||    42

Table legend: (Time is in decaauts)
 A = Elapsed time spent in this place.
 B = Non-inter-level travel time spent in this place.
 C = Inter-level travel time spent in this place.
 D = Time resting spent in this place.
 E = Time spent auto-exploring this place.
 F = Levels seen in this place.
 G = Mean time per level.
                   A        B        C        D        E       F      G
               +--------+--------+--------+--------+--------+-----+--------+
         Total |   1255 |   1246 |      9 |    333 |    163 |   2 |  627.5 |
       Dungeon |   1255 |   1246 |      9 |    333 |    163 |   2 |  627.5 |
               +--------+--------+--------+--------+--------+-----+--------+

Top non-repeatable levels by time:
     D:5: 929 daAuts
     D:4: 326 daAuts
